 Dungeon Crawl Stone Soup version 0.23.0 (webtiles) character file.

Game seed: 7867245451241323420

188 Borgoz the Sneak (level 5, -2/61 HPs)
             Began as a Demonspawn Assassin on Feb 17, 2019.
             Killed from afar by an orc wizard (3 damage)
             ... with a puff of flame
             ... on level 3 of the Dungeon.
             The game lasted 00:03:55 (2524 turns).

Borgoz the Sneak (Demonspawn Assassin)              Turns: 2524, Time: 00:03:58

Health: -2/61      AC: 22    Str: 10 (11) XL:     5   Next: 39%
Magic:  5/5        EV:  2    Int: 15 (17) God:
Gold:   125        SH:  0    Dex: 13 (16) Spells: 4/4 levels left

rFire    . . .     SeeInvis .   q - +2 rapier (venom)
rCold    . . .     Gourm    +   (no shield)
rNeg     + + +     Faith    .   (armour currently unavailable)
rPois    +         Spirit   .   (helmet currently unavailable)
rElec    .         Reflect  .   (cloak currently unavailable)
rCorr    .         Harm     .   (gloves currently unavailable)
MR       .....     NoTele   +   (boots currently unavailable)
Stlth    +++.......             a - amulet of the gourmand
HPRegen  0.20/turn              n - ring of flight
MPRegen  0.09/turn              (no ring)

@: brilliant, tree-form
A: rugged brown scales 1
a: no special abilities


You were on level 3 of the Dungeon.
You were completely stuffed.
You were a tree.
You visited 1 branch of the dungeon, and saw 3 of its levels.

You collected 125 gold pieces.

Inventory:

Hand Weapons
 b - a +0 blowgun
 k - a +0 short sword of speed
 q - a +2 rapier of venom (weapon)
Missiles
 e - 8 poisoned needles
 f - 2 curare-tipped needles
Armour
 d - a +0 cloak (melded)
 l - a +1 leather armour of fire resistance (melded)
Jewellery
 a - an amulet of the gourmand (around neck)
 n - a ring of flight (left branch)
Wands
 v - a wand of polymorph (13)
Scrolls
 c - 2 scrolls of magic mapping {unknown}
 h - 3 scrolls of remove curse {unknown}
 j - 4 scrolls of identify {unknown}
 m - a scroll of fear {unknown}
 p - a scroll of random uselessness {unknown}
 r - a scroll of noise {unknown}
 s - a scroll of teleportation {unknown}
Comestibles
 g - 6 rations
 t - a chunk of flesh


   Skills:
 + Level 2.8 Fighting
 * Level 3.0 Short Blades
 - Level 1.7 Throwing
 * Level 2.6 Dodging
 * Level 4.6 Stealth


You had 4 spell levels left.
You didn't know any spells.
Your spell library was empty.

Dungeon Overview and Level Annotations

Branches:
Dungeon (3/15)

Altars:
Cheibriados
Vehumet
Xom
The Shining One


Innate Abilities, Weirdness & Mutations

((You have sharp fingernails.))
(You are partially covered in rugged brown scales. (AC +1, +3% HP))


Message History

It was a potion of brilliance.
You feel clever all of a sudden. The orc barely misses you.
The orc wizard mumbles some strange words.
The orc wizard seems to speed up.
It was a potion of lignification.
You turn into a tree.
Your +0 cloak melds into your body.
Your +1 leather armour of fire resistance melds into your body.
You feel less resistant to fire.
Your roots penetrate the ground.
The orc wizard hits you but does no damage.
The orc hits you from afar with a +0 trident.
* * * LOW HITPOINT WARNING * * *
It was a potion of degeneration.
There was something very wrong with that liquid.
You feel weakened.
You feel dopey.
You feel clumsy.
The orc wizard hits you but does no damage.
The orc hits you but does no damage.
The orc wizard points at you and mumbles some strange words.
The puff of flame hits you.
You die...

......# #.##......###.
.#..### ###.......'...
.#..# #######......>####
....# # #.....#.#######
<..÷##.##. #.....#'#
..........# #........
....##.#..# #oo......
....##... #o# .
..........# #♣#.# .
...#......######.#.##...
...#+###................
....... #######.#.#....
##..... #.#...... .....
#........ ##...
#.###.... ### #.# ####
### #.# ### ##..


You could see an orc wizard and 2 orcs.

Vanquished Creatures
  A scorpion (D:2)
  3 gnolls (D:3)
  6 adders
  A worm (D:2)
  A dart slug (D:1)
  2 leopard geckos (D:1)
  An orc (D:3)
  3 bats
  3 giant cockroaches
  5 goblins
  7 hobgoblins
  2 quokkas (D:2)
  2 frilled lizards (D:2)
  5 kobolds
  9 rats
51 creatures vanquished.

Notes
Turn   | Place    | Note
-------+----------+-------------------------------------------
     0 | D:1      | Borgoz the Demonspawn Assassin began the quest for the Orb.
     0 | D:1      | Reached XP level 1. HP: 16/16 MP: 1/1
    68 | D:1      | Reached skill level 1 in Dodging
   167 | D:1      | Gained mutation: You are partially covered in rugged brown
                  | scales. (AC +1, +3% HP) [demonic ancestry]
   167 | D:1      | Reached XP level 2. HP: 14/22 MP: 2/2
   792 | D:2      | Reached skill level 4 in Stealth
   792 | D:2      | Reached XP level 3. HP: 19/27 MP: 3/3
  1273 | D:2      | Found a snail-covered altar of Cheibriados.
  1273 | D:2      | Found a shimmering altar of Xom.
  1496 | D:2      | Reached XP level 4. HP: 35/35 MP: 4/4
  2171 | D:3      | Gained mutation: You have sharp fingernails. [demonic
                  | ancestry]
  2171 | D:3      | Reached XP level 5. HP: 40/40 MP: 5/5
  2197 | D:3      | Found a radiant altar of Vehumet.
  2363 | D:3      | Found a glowing golden altar of the Shining One.
  2521 | D:3      | HP: 2/41 [orc/+0 trident (5)]
  2524 | D:3      | Killed from afar by an orc wizard

Skill      XL: |  1  2  3  4  5 |
---------------+----------------+-----
Dodging        | 1 2 |  2.6
Short Blades   | 2 3 |  3.0
Stealth        | 4 |  4.6
Fighting       | |  2.8
Throwing       | |  1.7

Action                   |  1- 3 |  4- 6 || total
-------------------------+-------+-------++-------
Melee: Dagger            |    11 |       ||    11
       Short sword       |    89 |     2 ||    91
       Rapier            |       |    51 ||    51
  Use: Potion            |       |     3 ||     3
 Stab: Sleeping          |     6 |     4 ||    10
       Distracted        |       |     1 ||     1
  Eat: Chunk             |    10 |     5 ||    15
Armor: Robe              |     2 |       ||     2
       Leather armour    |    22 |    13 ||    35
       Skin              |       |     3 ||     3
Dodge: Dodged            |    37 |    20 ||    57
